[Event "ICC tourney 2092 (45 10)"]
[Site "Internet Chess Club"]
[Date "2020.10.31"]
[Round "3"]
[White "HarleyQueen8"]
[Black "SparkyNinja"]
[Result "0-1"]
[ICCResult "White checkmated"]
[WhiteElo "1829"]
[BlackElo "1569"]
[Opening "Nimzo-Indian: classical variation"]
[ECO "E32"]
[NIC "NI.20"]
[Time "16:01:28"]
[TimeControl "2700+10"]

1. d4 Nf6 2. c4 e6 3. Nc3 Bb4 4. Qc2 O-O 5. a3 Bxc3+ 6. Qxc3 b6 7. f3 Bb7 8.
Bg5 d6 9. e4 h6 10. Bh4 g5 11. Bg3 Nh5 12. Bd3 f5 13. exf5 exf5 14. Ne2 Nd7
15. h4 Nxg3 16. Nxg3 gxh4 17. Nxf5 Qg5 18. Rxh4 Rae8+ 19. Kd1 h5 20. Qd2
Rxf5 21. Bxf5 Qxf5 22. Rf4 Qg6 23. b3 b5 24. Kc1 Nb6 25. d5 bxc4 26. bxc4
Ba6 27. Re4 Rxe4 28. fxe4 Nxc4 29. Qc2 Qf6 30. Ra2 Qf4+ 31. Kb1 Qf1+ 32. Qc1
Qd3+ 33. Qc2 Nxa3+ 34. Rxa3 Qxa3 35. Qb2 Bd3+ 36. Kc1 Qxb2+ 37. Kxb2 Bxe4
38. g3 Bxd5 39. Ka3 Kg7 40. Ka4 Kg6 41. Ka5 Kg5 42. Ka6 Kg4 43. Kxa7 Kxg3
44. Kb8 h4 45. Kxc7 h3 46. Kxd6 Bg2 47. Kc5 h2 48. Kd4 h1=Q 49. Ke5 Bd5 50.
Kd6 Qh6+ 51. Kxd5 Qe3 52. Kc4 Qd2 53. Kc5 Kf4 54. Kc4 Ke4 55. Kc5 Qd4+ 56.
Kb5 Qc3 57. Kb6 Kd5 58. Kb7 Qc6+ 59. Ka7 Qb5 60. Ka8 Kc6 61. Ka7 Qb7#
{White checkmated}
0-1

[Event "ICC tourney 2092 (45 10)"]
[Site "Internet Chess Club"]
[Date "2020.10.31"]
[Round "3"]
[White "gabolito1223"]
[Black "danaglin"]
[Result "0-1"]
[ICCResult "White resigns"]
[WhiteElo "1756"]
[BlackElo "1645"]
[Opening "French: advance, Wade variation"]
[ECO "C02"]
[NIC "FR.03"]
[Time "16:01:25"]
[TimeControl "2700+10"]

1. e4 e6 2. d4 d5 3. e5 c5 4. c3 Qb6 5. Nf3 Bd7 6. Bd3 Bb5 7. O-O Bxd3 8.
Qxd3 Nc6 9. a3 cxd4 10. cxd4 Nge7 11. b4 Nf5 12. Be3 Nxe3 13. fxe3 a6 14.
Ng5 Nd8 15. Nxh7 Be7 16. Rf3 Rc8 17. Nd2 a5 18. Rb1 axb4 19. axb4 Qa6 20. b5
Qa3 21. Qxa3 Bxa3 22. Ng5 Rc2 23. Nb3 Rh6 24. Nh3 Rg6 25. Nf4 Rh6 26. Ra1
Be7 27. Nd3 Rg6 28. Rf2 Rc3 29. Nbc1 Bh4 30. Rd2 Bg5 31. Kf2 Rh6 32. h3 Bh4+
33. Ke2 Rg6 34. Kd1 Rg3 35. Re2 f6 36. Ra4 fxe5 37. dxe5 Bg5 38. e4 dxe4 39.
Raxe4 Rgxd3+ 40. Nxd3 Rxd3+ 41. Kc2 Rd5 42. Rg4 Rc5+ 43. Kd3 Be7 44. Rxg7
Rxb5 45. Rh7 Rd5+ 46. Ke4 Nc6 47. Kf4 Rd4+ 48. Kf3 Rd5 49. Rh5 b5 50. Rb2 b4
51. Ke4 Rd4+ 52. Ke3 Rc4 53. Kd3 Rc3+ 54. Ke4 b3 55. g4 Ba3 56. Rf2 b2 57.
Rh8+ Kd7 58. Rh7+ Ne7 59. Rxb2 Bxb2 60. g5 Rg3 61. h4 Ke8 62. Kf4 Rg1 63.
Rh8+ Kf7 64. Rh7+ Kf8 65. Rh6 Bc1+ 66. Kf3 Nf5 67. Rf6+ Ke7 68. g6 Nxh4+ 69.
Ke4 Nxg6 {White resigns} 0-1

[Event "ICC tourney 2092 (45 10)"]
[Site "Internet Chess Club"]
[Date "2020.10.31"]
[Round "3"]
[White "tedwpnw"]
[Black "tigertiger2019"]
[Result "0-1"]
[ICCResult "White checkmated"]
[WhiteElo "893"]
[BlackElo "1660"]
[Opening "Sicilian: Najdorf, Lipnitzky attack"]
[ECO "B86"]
[NIC "SI.13"]
[Time "16:01:52"]
[TimeControl "2700+10"]

1. e4 c5 2. Nf3 d6 3. d4 cxd4 4. Nxd4 Nf6 5. Nc3 a6 6. Bc4 e6 7. a4 Qc7 8.
Bb3 Be7 9. O-O O-O 10. Be3 Nc6 11. f4 Nxd4 12. Bxd4 b6 13. f5 e5 14. Be3 Bb7
15. Qd3 Rac8 16. Bg5 Ne8 17. Bxe7 Qxe7 18. Bd5 Nf6 19. Bxb7 Qxb7 20. Nd5
Nxd5 21. exd5 Rc5 22. f6 Qxd5 23. Qg3 g6 24. Qg5 Rxc2 25. Rad1 h6 26. Qg4
Qc5+ 27. Kh1 Kh7 28. h3 Rc4 29. Qg3 Rd4 30. Rxd4 Qxd4 31. Qb3 e4 32. Rd1
Qxf6 33. Qxb6 Rd8 34. Qxa6 Qxb2 35. Qc4 Qb7 36. Rf1 d5 37. Qd4 Rd7 38. Rf4
Qb1+ 39. Kh2 Qb8 40. g3 Qc7 41. Rh4 Qc2+ 42. Kg1 Qb1+ 43. Kg2 Qc2+ 44. Kg1
Qd3 45. Rxh6+ Kxh6 46. Qh8+ Kg5 47. Qh4+ Kf5 48. Qg4+ Ke5 49. Qxd7 Qd1+ 50.
Kh2 Qe2+ 51. Kg1 Qe3+ 52. Kg2 Qf3+ 53. Kh2 e3 54. Qe7+ Kd4 55. Qb4+ Kd3 56.
Qb5+ Kd2 57. Qb2+ Ke1 58. Qc3+ Kf2 59. Qc2+ e2 60. Qc5+ Qe3 61. Qxd5 Qxg3+
62. Kh1 Qxh3# {White checkmated} 0-1

[Event "ICC tourney 2092 (45 10)"]
[Site "Internet Chess Club"]
[Date "2020.10.31"]
[Round "3"]
[White "rcww2020"]
[Black "castle2king"]
[Result "0-1"]
[ICCResult "White resigns"]
[WhiteElo "1672"]
[BlackElo "1580"]
[Opening "Vienna: `Frankenstein-Dracula' variation"]
[ECO "C27"]
[NIC "VG.02"]
[Time "16:01:50"]
[TimeControl "2700+10"]

1. e4 e5 2. Bc4 Nf6 3. Nc3 Nxe4 4. Qh5 Nd6 5. Bb3 Nc6 6. Nb5 g6 7. Qf3 f5 8.
Qd5 Qe7 9. Nxc7+ Kd8 10. Nxa8 b6 11. h4 Bb7 12. d3 h6 13. Nxb6 axb6 14. Qf3
Qf6 15. Be3 Kc7 16. Qe2 f4 17. Bd2 Nd4 18. Qd1 Bxg2 19. Rh2 Bc6 20. c3 N4f5
21. Qc2 Bg7 22. O-O-O Re8 23. Ba4 Ra8 24. Bxc6 dxc6 25. Qb1 Nxh4 26. f3 Nhf5
27. Re2 Qf7 28. a3 Nb5 29. d4 exd4 30. Bxf4+ Kb7 31. Red2 Qc4 32. b3 Qxc3+
33. Rc2 Qa5 34. Ne2 Nxa3 35. b4 Qb5 36. Qb3 Nxc2 37. Qf7+ Ka6 38. Qa2+ Na3
39. Qxa3+ Kb7 40. Qb2 Qc4+ 41. Kb1 d3 42. Be5 Bxe5 43. Qxe5 Qb3+ 44. Qb2
Qxd1+ 45. Nc1 d2 {White resigns} 0-1

[Event "ICC tourney 2092 (45 10)"]
[Site "Internet Chess Club"]
[Date "2020.10.31"]
[Round "3"]
[White "wulovechess"]
[Black "peekaboopenguin"]
[Result "1-0"]
[ICCResult "Black checkmated"]
[WhiteElo "1593"]
[BlackElo "1671"]
[Opening "Sicilian: Kan variation"]
[ECO "B41"]
[NIC "SI.41"]
[Time "16:01:36"]
[TimeControl "2700+10"]

1. e4 c5 2. Nf3 e6 3. d4 cxd4 4. Nxd4 a6 5. Bc4 Qc7 6. Bb3 Nf6 7. Nc3 Bb4 8.
O-O Bxc3 9. bxc3 Qxc3 10. Rb1 Nxe4 11. Bb2 Qc7 12. Qg4 Nd2 13. Qxg7 Rf8 14.
Ba3 d6 15. Nxe6 Bxe6 16. Rfe1 Qd7 17. Rbd1 Nc6 18. Rxd2 O-O-O 19. Rxd6 Qc7
20. Rdxe6 Rg8 21. Qxh7 Rh8 22. Rxc6 bxc6 23. Qf5+ Kb8 24. h3 Rhe8 25. Rxe8
Rxe8 26. g3 Qd8 27. Qf4+ Ka8 28. Qf3 Qc8 29. Ba4 Re6 30. Qxf7 Re4 31. Bc5
Qb7 32. Bxc6 Re1+ 33. Kh2 Rh1+ 34. Kxh1 Qxc6+ 35. f3 Qxc5 36. Qe8+ Ka7 37.
Qd7+ Kb6 38. Qe6+ Ka5 39. a3 Qxa3 40. Qd5+ Ka4 41. Qb3+ Qxb3 42. cxb3+ Kxb3
43. h4 a5 44. h5 a4 45. h6 a3 46. h7 a2 47. h8=Q Kc2 48. Qa1 Kb3 49. Qxa2+
Kxa2 50. g4 Kb3 51. g5 Kc4 52. g6 Kd5 53. g7 Ke6 54. g8=Q+ Kf5 55. Qg4+ Kf6
56. f4 Kf7 57. Qg5 Ke6 58. f5+ Kf7 59. Qg6+ Ke7 60. f6+ Kd7 61. Qg7+ Ke8 62.
f7+ Ke7 63. f8=Q+ Ke6 64. Qff6+ Kd5 65. Qgg5+ Ke4 66. Qff4+ Kd3 67. Qgg3+
Ke2 68. Qff3+ Kd2 69. Qgg2+ Kc1 70. Qff1# {Black checkmated} 1-0

[Event "ICC tourney 2092 (45 10)"]
[Site "Internet Chess Club"]
[Date "2020.10.31"]
[Round "3"]
[White "chessisthebest1"]
[Black "AJ2000"]
[Result "1/2-1/2"]
[ICCResult "Game drawn because neither player has mating material"]
[WhiteElo "1823"]
[BlackElo "1644"]
[Opening "Giuoco Piano"]
[ECO "C54"]
[NIC "IG.02"]
[Time "16:01:29"]
[TimeControl "2700+10"]

1. e4 e5 2. Nf3 Nc6 3. Bc4 Bc5 4. c3 Nf6 5. d3 d6 6. O-O O-O 7. Nbd2 a6 8.
a4 Ba7 9. Re1 Ne7 10. Nf1 Ng6 11. Ng3 Re8 12. b4 c6 13. Bb3 d5 14. Qc2 d4
15. c4 c5 16. b5 Bb6 17. Bd2 Bd7 18. a5 Bc7 19. b6 Bd6 20. Ba4 Bxa4 21. Qxa4
Ne7 22. Rf1 Qd7 23. Ne1 Qxa4 24. Rxa4 Nd7 25. Nc2 Rf8 26. Raa1 f5 27. exf5
Nxf5 28. Ne4 Nf6 29. Rae1 Rae8 30. Re2 Nxe4 31. Rxe4 Bb8 32. Rfe1 Nd6 33.
R4e2 e4 34. Na3 exd3 35. Rxe8 Rxe8 36. Rxe8+ Nxe8 37. g4 Nf6 38. f3 h6 39.
h4 Bg3 40. g5 hxg5 41. hxg5 Nh5 42. Nb1 Nf4 43. Kf1 Kf7 44. Be1 Bxe1 45.
Kxe1 Kg6 46. Nd2 Ne6 47. Ne4 Nxg5 48. Nxc5 Nxf3+ 49. Kd1 Ne5 50. Nxb7 Nxc4
51. Nc5 Nxa5 52. Kd2 Kf5 53. Kxd3 Ke5 54. Nxa6 g5 55. Nc5 g4 56. Ne4 Nb7 57.
Ng3 Kd5 58. Ne4 Ke5 59. Ng3 Nc5+ 60. Kc4 Nd7 61. b7 Kf4 62. Ne2+ Ke3 63.
Nxd4 g3 64. Nf5+ Kf3 65. Nxg3 Kxg3 66. Kd5 Nb8 67. Kd6 Kf4 68. Kc7 Na6+ 69.
Kb6 Nb8 70. Ka7 Nc6+ 71. Ka8 Ke5 72. b8=Q+ Nxb8
{Game drawn because neither player has mating material}
1/2-1/2

[Event "ICC tourney 2092 (45 10)"]
[Site "Internet Chess Club"]
[Date "2020.10.31"]
[Round "4"]
[White "SparkyNinja"]
[Black "gabolito1223"]
[Result "1-0"]
[ICCResult "Black resigns"]
[WhiteElo "1575"]
[BlackElo "1652"]
[Opening "Sicilian: Labourdonnais-Löwenthal (Kalashnikov) variation"]
[ECO "B32"]
[NIC "SI.32"]
[Time "18:32:03"]
[TimeControl "2700+10"]

1. e4 c5 2. Nf3 Nc6 3. d4 cxd4 4. Nxd4 e5 5. Nb5 d6 6. N1c3 a6 7. Na3 b5 8.
Nd5 Nf6 9. Bg5 Be7 10. Bxf6 Bxf6 11. c3 O-O 12. Be2 Bg5 13. Nc2 Be6 14. O-O
Ne7 15. Nce3 Rc8 16. a4 Rc5 17. b4 Rc8 18. axb5 axb5 19. Bxb5 Bxd5 20. Nxd5
Nxd5 21. Qxd5 Rxc3 22. Rad1 Qb6 23. Ra1 Rc2 24. Ra6 Qb8 25. Rfa1 Rd2 26. Qc6
Qc8 27. Qxc8 Rxc8 28. Bc6 g6 29. g3 Rb2 30. b5 Bd8 31. Ra8 {Black resigns}
1-0

[Event "ICC tourney 2092 (45 10)"]
[Site "Internet Chess Club"]
[Date "2020.10.31"]
[Round "4"]
[White "VincentT2008"]
[Black "ved2006"]
[Result "1-0"]
[ICCResult "Black checkmated"]
[WhiteElo "1818"]
[BlackElo "1662"]
[Opening "Old Indian defense"]
[ECO "A53"]
[NIC "OI.04"]
[Time "18:32:08"]
[TimeControl "2700+10"]

1. d4 d6 2. c4 Nf6 3. Nc3 c6 4. e4 Nbd7 5. f3 e6 6. Be3 Be7 7. Qd2 b6 8.
Nge2 Bb7 9. g4 h6 10. Ng3 c5 11. d5 exd5 12. cxd5 O-O 13. h4 Ne5 14. Be2 Qc8
15. Nf5 Re8 16. g5 hxg5 17. hxg5 Nh7 18. f4 Ng6 19. Bh5 Nhf8 20. Qh2 f6 21.
Bxg6 Nxg6 22. Qh7+ Kf7 23. Qxg7# {Black checkmated} 1-0

[Event "ICC tourney 2092 (45 10)"]
[Site "Internet Chess Club"]
[Date "2020.10.31"]
[Round "4"]
[White "Spence9000"]
[Black "LoopyLoop"]
[Result "0-1"]
[ICCResult "White resigns"]
[WhiteElo "1615"]
[BlackElo "1617"]
[Opening "Sicilian"]
[ECO "B56"]
[NIC "SI.25"]
[Time "18:32:06"]
[TimeControl "2700+10"]

1. e4 c5 2. Nf3 d6 3. d4 cxd4 4. Nxd4 Nf6 5. Nc3 Nc6 6. f3 e6 7. Be3 Be7 8.
Qd2 a6 9. g4 Bd7 10. O-O-O Rc8 11. g5 Ng8 12. Nxc6 Bxc6 13. h4 b5 14. a3 Qa5
15. Bh3 b4 16. Nd5 Qa4 17. Nb6 bxa3 18. Nxa4 a2 19. Qc3 a1=Q+ 20. Kd2 Qxa4
21. b3 Qb5 22. Qxg7 Qe5 23. Bd4 Qf4+ 24. Be3 Qe5 25. Bd4 Qf4+ 26. Ke2 Bxe4
27. fxe4 Qxe4+ 28. Be3 Rxc2+ 29. Rd2 Rxd2+ 30. Kxd2 Qxh1 31. Qxh8 Qh2+ 32.
Kd3 Kf8 33. Bg4 Qxh4 34. g6 hxg6 35. Qxh4 Bxh4 36. Kd4 Nf6 37. Bh6+ Kg8
{White resigns}
0-1

[Event "ICC tourney 2092 (45 10)"]
[Site "Internet Chess Club"]
[Date "2020.10.31"]
[Round "4"]
[White "RaymondJiang1"]
[Black "wulovechess"]
[Result "1/2-1/2"]
[ICCResult "Game drawn because neither player has mating material"]
[WhiteElo "1438"]
[BlackElo "1590"]
[Opening "Giuoco Pianissimo: Italian four knights variation"]
[ECO "C55"]
[NIC "IG.01"]
[Time "18:32:04"]
[TimeControl "2700+10"]

1. e4 e5 2. Nf3 Nc6 3. Bc4 Nf6 4. d3 Bc5 5. Nc3 O-O 6. O-O d6 7. h3 Be6 8.
Bb3 Re8 9. Bg5 h6 10. Bh4 Qd7 11. Bxe6 Qxe6 12. Bxf6 Qxf6 13. Nd5 Qd8 14. c3
Ne7 15. Nxe7+ Qxe7 16. a4 a5 17. Qb3 c6 18. Rfe1 Ra6 19. Qc2 f6 20. Rab1 Rb6
21. Nd2 Qf7 22. Nc4 Ra6 23. b4 d5 24. exd5 cxd5 25. bxc5 dxc4 26. dxc4 Qxc4
27. Qb3 Qxb3 28. Rxb3 Rc6 29. Rb5 Rec8 30. Rxa5 Rxc5 31. Rxc5 Rxc5 32. Rc1
Ra5 33. Ra1 b5 34. Kf1 Rxa4 35. Rb1 Rc4 36. Rb3 Kf7 37. Ke2 Rc5 38. f3 Ke6
39. Kd3 Rd5+ 40. Ke3 f5 41. g3 h5 42. Ra3 f4+ 43. gxf4 exf4+ 44. Kxf4 g5+
45. Ke4 Re5+ 46. Kd4 Rd5+ 47. Ke3 Re5+ 48. Kd3 Rd5+ 49. Ke4 Re5+ 50. Kd4 Kf5
51. Ra6 Kf4 52. Rf6+ Rf5 53. Rxf5+ Kxf5 54. Kc5 Kf4 55. Kxb5 Kxf3 56. c4 g4
57. hxg4 hxg4 58. c5 g3 59. c6 g2 60. c7 g1=Q 61. c8=Q Qb1+ 62. Kc6 Qc2+ 63.
Kd7 Qf5+ 64. Kd8 Qf7 65. Qc6+ Kg3 66. Qc7+ Qxc7+ 67. Kxc7
{Game drawn because neither player has mating material}
1/2-1/2

[Event "ICC tourney 2092 (45 10)"]
[Site "Internet Chess Club"]
[Date "2020.10.31"]
[Round "4"]
[White "ajedrez7"]
[Black "messyblaster"]
[Result "1/2-1/2"]
[ICCResult "Game drawn by mutual agreement"]
[WhiteElo "1617"]
[BlackElo "1556"]
[Opening "Scandinavian: Pytel-Wade variation"]
[ECO "B01"]
[NIC "SD.02"]
[Time "18:32:02"]
[TimeControl "2700+10"]

1. e4 d5 2. exd5 Qxd5 3. Nc3 Qd6 4. Nf3 Nf6 5. Bc4 c6 6. O-O Be6 7. Bxe6
Qxe6 8. Re1 Qd6 9. d3 e6 10. Ne4 Nxe4 11. Rxe4 Qc7 12. Bf4 Bd6 13. Bxd6 Qxd6
14. Qe2 O-O 15. Qe3 Nd7 16. Rg4 Nf6 17. Rg3 Kh8 18. Re1 h6 19. Rh3 Kg8 20.
Rg3 Kh8 21. Rh3 Kg8 22. Nd2 Nd5 23. Qf3 Qf4 24. Qe2 Qb4 25. Rg3 Qxb2 26. Qh5
{Game drawn by mutual agreement}
1/2-1/2

[Event "ICC tourney 2092 (45 10)"]
[Site "Internet Chess Club"]
[Date "2020.10.31"]
[Round "4"]
[White "ybabji"]
[Black "DanielA1926"]
[Result "1/2-1/2"]
[ICCResult "Game drawn by repetition"]
[WhiteElo "1813"]
[BlackElo "1544"]
[Opening "Sicilian: Alapin's variation (2.c3)"]
[ECO "B22"]
[NIC "SI.46"]
[Time "18:32:00"]
[TimeControl "2700+10"]

1. e4 c5 2. c3 e6 3. d4 cxd4 4. cxd4 d5 5. exd5 exd5 6. Nc3 Bb4 7. Qc2 Nc6
8. Be3 Nf6 9. Bd3 O-O 10. Ne2 Be6 11. Bg5 h6 12. Be3 Ng4 13. Bd2 Nf6 14. O-O
Rc8 15. Bf4 Nh5 16. Be3 Bd6 17. Qd2 Qh4 18. g3 Qh3 19. Rae1 f5 20. Bf4 Bxf4
21. Nxf4 Nxf4 22. Qxf4 Rce8 23. f3 g5 24. Qd6 f4 25. Nxd5 fxg3 26. hxg3 Nxd4
27. Be4 Bf5 28. Nf6+ Rxf6 29. Qxf6 Qxg3+ 30. Kh1 Qh3+ 31. Kg1 Qg3+ 32. Kh1
Qh3+ 33. Kg1 Qg3+ 34. Kh1 Qh3+ 35. Kg1 Qg3+ 36. Kh1 Qh3+ 37. Kg1 Qg3+ 38.
Kh1 {Game drawn by repetition} 1/2-1/2

[Event "ICC tourney 2092 (45 10)"]
[Site "Internet Chess Club"]
[Date "2020.10.31"]
[Round "4"]
[White "imranchamp"]
[Black "wahoo"]
[Result "1-0"]
[ICCResult "Black checkmated"]
[WhiteElo "1819"]
[BlackElo "1753"]
[Opening "Evans gambit declined"]
[ECO "C51"]
[NIC "IG.05"]
[Time "18:32:02"]
[TimeControl "2700+10"]

1. e4 e5 2. Nf3 Nc6 3. Bc4 Bc5 4. b4 Nxb4 5. c3 Nc6 6. d4 exd4 7. O-O Nge7
8. cxd4 Bb6 9. Ng5 O-O 10. Qh5 h6 11. Nxf7 Rxf7 12. Bxf7+ Kh7 13. Bb2 Nxd4
14. Nc3 c6 15. Na4 d6 16. Nxb6 Qxb6 17. Rab1 Qc5 18. Qxc5 dxc5 19. Rfd1 b6
20. Bxd4 cxd4 21. Rxd4 c5 22. Rd8 Rb8 23. Be6 Ra8 24. Re8 Bxe6 25. Rxa8 Bxa2
26. Ra1 Bc4 27. R8xa7 Nc6 28. Rb7 b5 29. Rc7 Nd4 30. Rxc5 Nb3 31. Rxc4 bxc4
32. Rb1 Kg6 33. f3 Kf6 34. Kf2 Ke5 35. Ke3 h5 36. f4+ Ke6 37. Rb2 g6 38. Rc2
Na5 39. Kd4 Kd6 40. Ra2 Nb3+ 41. Kxc4 Nc5 42. e5+ Kc6 43. Rd2 Ne4 44. Re2
Nc5 45. Rd2 Ne4 46. Rd4 Nf2 47. Rd6+ Kc7 48. Rxg6 Ne4 49. Kd4 Nf2 50. Rh6 h4
51. Rxh4 Kd7 52. f5 Ke7 53. Rh7+ Kf8 54. f6 Ng4 55. e6 Nxf6 56. Rf7+ Ke8 57.
Rxf6 Ke7 58. Rg6 Ke8 59. Rg7 Kf8 60. Ra7 Ke8 61. h4 Kf8 62. h5 Kg8 63. h6
Kh8 64. Rf7 Kg8 65. Ke5 Kh8 66. e7 Kg8 67. e8=Q# {Black checkmated} 1-0

[Event "ICC tourney 2092 (45 10)"]
[Site "Internet Chess Club"]
[Date "2020.10.31"]
[Round "4"]
[White "peekaboopenguin"]
[Black "KyleZhuang"]
[Result "1-0"]
[ICCResult "Black checkmated"]
[WhiteElo "1684"]
[BlackElo "1585"]
[Opening "Sicilian"]
[ECO "B50"]
[NIC "SI.01"]
[Time "18:32:26"]
[TimeControl "2700+10"]

1. e4 c5 2. Nf3 d6 3. c3 Nf6 4. Be2 Nc6 5. d4 e6 6. Bd3 Be7 7. O-O O-O 8.
Be3 Qb6 9. Qc2 Bd7 10. Nbd2 h6 11. Nc4 Qc7 12. e5 dxe5 13. dxe5 Nd5 14. Bd2
b5 15. Na3 a6 16. Rfe1 c4 17. Be4 Rac8 18. Rad1 Qa5 19. Qc1 f5 20. exf6 Nxf6
21. Bxc6 Bxc6 22. Nd4 Ne4 23. Nxc6 Rxc6 24. Rxe4 Rd6 25. Rg4 Rfd8 26. Nc2
Qxa2 27. Nd4 Kh7 28. Qc2+ Kh8 29. Qg6 Bf8 30. Bxh6 R8d7 31. Bf4 Rd5 32. Rh4+
Kg8 33. Qxe6+ Rf7 34. Qxd5 g6 35. Be5 Bg7 36. Bxg7 Kxg7 37. Rh7+ Kxh7 38.
Qxf7+ Kh8 39. Ne6 Qb3 40. Qg7# {Black checkmated} 1-0

[Event "ICC tourney 2092 (45 10)"]
[Site "Internet Chess Club"]
[Date "2020.10.31"]
[Round "4"]
[White "danaglin"]
[Black "Natey"]
[Result "0-1"]
[ICCResult "White resigns"]
[WhiteElo "1632"]
[BlackElo "1716"]
[Opening "Giuoco Piano: Möller (Therkatz) attack"]
[ECO "C54"]
[NIC "IG.02"]
[Time "18:32:44"]
[TimeControl "2700+10"]

1. e4 e5 2. Nf3 Nc6 3. Bc4 Bc5 4. c3 Nf6 5. d4 exd4 6. cxd4 Bb4+ 7. Nc3 Nxe4
8. O-O Bxc3 9. d5 Ne5 10. bxc3 Nxc4 11. Qd4 O-O 12. Qxe4 Nd6 13. Qd3 b6 14.
Bg5 f6 15. Bh4 Nf7 16. Rfe1 d6 17. Nd4 Ne5 18. Qc2 Bd7 19. Re3 Re8 20. Rae1
Ng6 21. Ne6 Bxe6 22. dxe6 Nxh4 23. e7 Qd7 24. Qe4 Nf5 25. Qd5+ Kh8 26. Re4
c6 27. Qf7 Nh6 28. Qh5 Qf5 29. Qe2 Rac8 30. Re6 Ng8 31. h3 Rc7 32. Qd2 Qd5
33. Qe2 Rcxe7 34. Rxe7 Rxe7 35. Qf1 Rxe1 36. Qxe1 Qxa2 37. Qd1 Qd5 38. Qe2
a5 39. Qa6 Qb5 40. Qb7 a4 41. Qd7 a3 42. Qe6 Qd5 43. Qe2 a2 44. Qe1 Qb3
{White resigns}
0-1

[Event "ICC tourney 2092 (45 10)"]
[Site "Internet Chess Club"]
[Date "2020.10.31"]
[Round "4"]
[White "mikoyansuren"]
[Black "javasri"]
[Result "1/2-1/2"]
[ICCResult "Game drawn by mutual agreement"]
[WhiteElo "1963"]
[BlackElo "1866"]
[Opening "Trompowsky attack (Ruth, Opocenský opening)"]
[ECO "A45"]
[NIC "QP.07"]
[Time "18:32:02"]
[TimeControl "2700+10"]

1. d4 Nf6 2. Bg5 Ne4 3. Bf4 g6 4. f3 Nf6 5. e4 d6 6. Bd3 Nbd7 7. c4 c5 8. d5
Bg7 9. Nc3 Nh5 10. Be3 a6 11. Nge2 Ne5 12. O-O O-O 13. a3 Rb8 14. b4 b6 15.
Rb1 Bd7 16. h3 Qc7 17. b5 a5 18. g4 Nf6 19. Kg2 e6 20. f4 Nxd3 21. Qxd3 exd5
22. cxd5 Rbe8 23. Ng3 h6 24. Qd2 Nh7 25. f5 g5 26. Nh5 Bxc3 27. Qxc3 f6 28.
Qc4 Qd8 29. Bd2 {Game drawn by mutual agreement} 1/2-1/2

[Event "ICC tourney 2092 (45 10)"]
[Site "Internet Chess Club"]
[Date "2020.10.31"]
[Round "4"]
[White "castle2king"]
[Black "chessisthebest1"]
[Result "0-1"]
[ICCResult "White resigns"]
[WhiteElo "1574"]
[BlackElo "1829"]
[Opening "Sicilian: Canal-Sokolsky attack, 3...Bd7"]
[ECO "B52"]
[NIC "SI.01"]
[Time "18:32:08"]
[TimeControl "2700+10"]

1. e4 c5 2. Nf3 d6 3. Bb5+ Bd7 4. Bxd7+ Qxd7 5. O-O Nc6 6. Qe2 e6 7. Rd1 Nf6
8. d4 cxd4 9. Nxd4 Be7 10. c4 O-O 11. Nc3 a6 12. a4 Qc7 13. b3 Rac8 14. Be3
Rfd8 15. f3 Nxd4 16. Bxd4 Nd7 17. a5 Nc5 18. Na4 Nxa4 19. Rxa4 Re8 20. Qb2
Bf8 21. e5 dxe5 22. Bxe5 Qc5+ 23. Bd4 Qc7 24. Be5 Qe7 25. Raa1 Red8 26. Bd4
Rc7 27. Bb6 Rxd1+ 28. Rxd1 Rd7 29. Qc2 Rxd1+ 30. Qxd1 Qd6 31. Qxd6 Bxd6 32.
c5 Be5 33. b4 Kf8 34. b5 Ke7 35. c6 axb5 36. cxb7 b4 37. Kf1 b3 38. Bd4 Bb8
39. Ke2 e5 40. Bb2 Kd6 41. Kd3 Kc6 42. Kc4 Kxb7 43. Kxb3 Ka6 44. Ka4 Bc7 45.
Bc3 f5 46. g3 g5 47. g4 fxg4 48. fxg4 e4 49. h3 Bg3 50. Bd2 h6 51. Kb4 Bf2
52. Kc4 e3 53. Bxe3 Bxe3 54. Kd3 Bf2 55. Ke4 Kxa5 56. Kf5 Kb4 57. Kg6 Kc4
58. Kxh6 Bh4 {White resigns} 0-1

[Event "ICC tourney 2092 (45 10)"]
[Site "Internet Chess Club"]
[Date "2020.10.31"]
[Round "4"]
[White "tedwpnw"]
[Black "rcww2020"]
[Result "0-1"]
[ICCResult "White checkmated"]
[WhiteElo "962"]
[BlackElo "1672"]
[Opening "Sicilian, Szén (`anti-Taimanov') variation"]
[ECO "B44"]
[NIC "SI.39"]
[Time "18:32:09"]
[TimeControl "2700+10"]

1. e4 c5 2. Nf3 e6 3. d4 cxd4 4. Nxd4 Nc6 5. Nb5 d6 6. Bf4 e5 7. Be3 f5 8.
exf5 Bxf5 9. Bc4 Nf6 10. Bg5 h6 11. Bxf6 Qxf6 12. Nc7+ Kd7 13. Nxa8 Be7 14.
Nc7 Kxc7 15. Nc3 Qg6 16. Nd5+ Kd7 17. Ne3 Nd4 18. c3 Nc2+ 19. Nxc2 Bxc2 20.
Qf3 Be4 21. Qh3+ Bf5 22. Qg3 Qf6 23. Qe3 Rf8 24. Qxa7 Be4 25. O-O Bxg2 26.
f3 Bxf3 27. Qf2 d5 28. Bb5+ Kc8 29. Be2 Qg5+ 30. Qg3 Bc5+ 31. Rf2 Qxg3+ 32.
hxg3 Bxe2 33. Kh1 Rxf2 34. Rc1 Bf3+ 35. Kg1 Rc2+ 36. Kf1 Rxc1#
{White checkmated}
0-1

[Event "ICC tourney 2092 (45 10)"]
[Site "Internet Chess Club"]
[Date "2020.10.31"]
[Round "4"]
[White "landonp"]
[Black "HarleyQueen8"]
[Result "0-1"]
[ICCResult "White checkmated"]
[WhiteElo "1343"]
[BlackElo "1831"]
[Opening "Sicilian: Boleslavsky variation, 7.Nb3"]
[ECO "B59"]
[NIC "SI.25"]
[Time "18:32:03"]
[TimeControl "2700+10"]

1. e4 c5 2. Nf3 d6 3. d4 cxd4 4. Nxd4 Nf6 5. Nc3 Nc6 6. Be2 e5 7. Nb3 Be7 8.
O-O O-O 9. Be3 Be6 10. Qd2 d5 11. exd5 Nxd5 12. Nxd5 Bxd5 13. Rfd1 Be4 14.
Qc3 Qc7 15. Nc5 Bf5 16. h3 Nd4 17. Bxd4 exd4 18. Rxd4 Bf6 19. Rad1 Bxd4 20.
Rxd4 b6 21. Nd3 Qxc3 22. bxc3 Rfd8 23. Rf4 Be6 24. c4 Rac8 25. Nb2 b5 26.
Bd3 bxc4 27. Nxc4 g5 28. Re4 Bf5 29. Re3 Bxd3 30. cxd3 Rd5 31. Kf1 Kf8 32.
g3 Rcd8 33. Ke2 Re8 34. Rxe8+ Kxe8 35. Ke3 Ke7 36. a3 Ke6 37. Ke4 Rf5 38. f3
Rb5 39. f4 gxf4 40. Kxf4 Kd5 41. Ke3 Rc5 42. Kd2 Kd4 43. Ke2 Rxc4 44. dxc4
Kxc4 45. Kd2 Kb3 46. a4 Kxa4 47. Kc2 Kb4 48. Kb2 a5 49. Kc2 a4 50. Kb2 a3+
51. Ka2 Ka4 52. Ka1 Kb3 53. Kb1 a2+ 54. Ka1 f5 55. h4 h5 56. g4 hxg4 57. h5
g3 58. h6 g2 59. h7 g1=R# {White checkmated} 0-1

[Event "ICC tourney 2092 (45 10)"]
[Site "Internet Chess Club"]
[Date "2020.10.31"]
[Round "4"]
[White "AJ2000"]
[Black "maxwellmassiah"]
[Result "1/2-1/2"]
[ICCResult "Game drawn by repetition"]
[WhiteElo "1644"]
[BlackElo "1673"]
[Opening "Sicilian: accelerated fianchetto, Maróczy bind, 6.Be3"]
[ECO "B38"]
[NIC "SI.33"]
[Time "18:32:03"]
[TimeControl "2700+10"]

1. e4 c5 2. Nf3 g6 3. d4 cxd4 4. Nxd4 Nc6 5. c4 Bg7 6. Be3 d6 7. Nc3 Nf6 8.
Be2 Bd7 9. O-O O-O 10. f3 Rc8 11. Qd2 Re8 12. Rac1 Ne5 13. b3 Qa5 14. Rfd1
Nc6 15. Kh1 Kf8 16. Bh6 Kg8 17. Bxg7 Kxg7 18. g4 h6 19. Rg1 Nxd4 20. Qxd4
Qc5 21. Qxc5 Rxc5 22. Rgd1 a5 23. a3 Ra8 24. Kg2 Rc7 25. Kf2 Rac8 26. Ke3 b5
27. h4 g5 28. h5 a4 29. Kd2 axb3 30. Nxb5 b2 31. Rb1 Bxb5 32. cxb5 Rc2+ 33.
Ke1 R8c3 34. Bd3 Rh2 35. Be2 Rc2 36. Bd3 Rc3 37. Rd2 Rc1+ 38. Rd1 Rc3 39.
Rd2 Rc1+ 40. Rd1 Rc3 41. Rd2 {Game drawn by repetition} 1/2-1/2

[Event "ICC tourney 2092 (45 10)"]
[Site "Internet Chess Club"]
[Date "2020.10.31"]
[Round "5"]
[White "KyleZhuang"]
[Black "RaymondJiang1"]
[Result "1-0"]
[ICCResult "Black checkmated"]
[WhiteElo "1590"]
[BlackElo "1408"]
[Opening "Ruy Lopez: modern Steinitz defense"]
[ECO "C74"]
[NIC "RL.11"]
[Time "21:03:10"]
[TimeControl "2700+10"]

1. e4 e5 2. Nf3 Nc6 3. Bb5 a6 4. Ba4 d6 5. c3 Nf6 6. Qe2 Be7 7. O-O O-O 8.
Rd1 b5 9. Bc2 d5 10. d3 Bg4 11. h3 Bh5 12. Nbd2 Bc5 13. Nf1 Bg6 14. Ng3 Qe7
15. Bg5 dxe4 16. Nxe4 Bxe4 17. dxe4 h6 18. Bh4 Rfd8 19. b4 Bb6 20. a4 bxa4
21. Bxa4 Nb8 22. Rxd8+ Qxd8 23. Nxe5 Qe7 24. Ng4 g5 25. Nxh6+ Kh7 26. Bxg5
Qxe4 27. Bc2 Ra7 28. Bxe4+ Nxe4 29. Qxe4+ Kh8 30. Bf6# {Black checkmated}
1-0